 Dungeon Crawl Stone Soup version 0.30-a0-918-g0ff054e9dc (webtiles) character file.

Game seed: 7524327056418834428

13076 cforsyth the Blocker (level 12, -13/97 HPs)
             Began as a Human Fighter on Mar 20, 2023.
             Was a High Priest of Okawaru.
             Mangled by a tentacled starspawn (26 damage)
             ... on level 3 of the Abyss.
             The game lasted 00:29:19 (15437 turns).

cforsyth the Blocker (Human Fighter)               Turns: 15437, Time: 00:29:19

Health: -13/97     AC: 24    Str: 21    XL:     12   Next: 28%
Magic:  4/4        EV:  2    Int:  9    God:    Okawaru [*****.]
Gold:   550        SH: 12    Dex: 19    Spells: 11/11 levels left

rFire   . . .      SeeInvis .    y - +0 eveningstar (heavy)
rCold   . . .      Faith    .    N - +0 kite shield
rNeg    . . .      Spirit   .    A - +0 plate armour
rPois   +          Reflect  .    q - +0 helmet
rElec   .          Rampage  .    r - +0 cloak
rCorr   +                        O - +0 pair of gloves
Will    .....                    M - +0 pair of boots {Stlth+} Stlth
                                 (no amulet)
HPRegen 0.36/turn                J - ring "Kaugew" {rPois rCorr MP-9 AC+4}
MPRegen 0.09/turn                j - +6 ring of dexterity

@: about to teleport, constricted
A: high MP 1, screaming 1, MP-powered wands
a: Renounce Religion, Heroism, Finesse, Duel


You were on level 3 of the Abyss.
You worshipped Okawaru.
Okawaru was extremely pleased with you.
You visited 1 branch of the dungeon, and saw 12 of its levels.
You visited the Abyss 1 time.
You also visited: Bailey.

You collected 550 gold pieces.

Inventory:

Hand Weapons
 a - a +0 flail
 m - the +6 dagger of Defaseox {venom, rElec rPois Will+++ Str-2}
   (You found it on level 4 of the Dungeon)

   Str:       It affects your strength (-2).
   rElec:     It insulates you from electricity.
   rPois:     It protects you from poison.
   Will:      It greatly increases your willpower.
 y - a +0 heavy eveningstar (weapon)
Armour
 b - a +0 scale mail
 c - a +0 buckler
 q - a +0 helmet (worn)
 r - a +0 cloak (worn)
 s - a +0 chain mail
 A - a +0 plate armour (worn)
 M - a +0 pair of boots of stealth (worn)
 N - a +0 kite shield (worn)
 O - a +0 pair of gloves (worn)
Jewellery
 j - a +6 ring of dexterity (right hand)
 o - a ring of resist corrosion
 p - a ring of positive energy
 J - the ring "Kaugew" (left hand) {rPois rCorr MP-9 AC+4}
   (You found it on level 9 of the Dungeon)

   [ring of protection]

   AC:        It affects your AC (+4).
   rPois:     It protects you from poison.
   MP:        It affects your magic capacity (-9).
   rCorr:     It protects you from acid and corrosion.
 K - a ring of poison resistance
Wands
 w - a wand of quicksilver (2)
 D - a wand of iceblast (9)
 G - a wand of flame (25)
Scrolls
 f - 3 scrolls of immolation {unknown}
 g - 2 scrolls of magic mapping
 k - 3 scrolls of fog {unknown}
 l - 6 scrolls of enchant armour
 z - 3 scrolls of enchant weapon
 B - a scroll of amnesia
 C - a scroll of torment
 H - 3 scrolls of vulnerability
 L - a scroll of noise {unknown}
 Q - a scroll of poison {unknown}
Potions
 d - 3 potions of might
 i - a potion of resistance
 n - a potion of magic
 t - 2 potions of brilliance {unknown}
 u - a potion of haste
 x - a potion of attraction
 E - 2 potions of lignification
 F - a potion of ambrosia
 I - a potion of flight
 P - a potion of cancellation {unknown}


   Skills:
 - Level 10.0 Fighting
 + Level 10.0 Maces & Flails
 - Level 10.0 Armour
 - Level 10.0 Shields


You had 11 spell levels left.
You didn't know any spells.
Your spell library contained the following spells:

 Spells                   Type           Power      Damage    Failure   Level
 Ensorcelled Hibernation  Hex/Ice        0%         N/A       100%        2
 Passwall                 Tmut/Erth      0%         N/A       100%        2
 Frozen Ramparts          Ice            0%         1d1       100%        3
 Gell's Gravitas          Tloc           0%         N/A       100%        3
 Swiftness                Air            0%         N/A       100%        3
 Teleport Other           Tloc           0%         N/A       100%        3
 Ice Form                 Ice/Tmut       0%         N/A       100%        4
 Dispersal                Tloc           0%         N/A       100%        6
 Summon Ice Beast         Ice/Summ       Unusable   N/A       N/A         4

Dungeon Overview and Level Annotations

Branches:
Dungeon (12/15)            Temple (0/1) D:6            Lair (0/5) D:9
    Orc (0/2) D:9          Bailey (visited)

Altars:
Cheibriados
Elyvilon
Fedhas
Gozag
Hepliaklqana
Nemelex Xobeh
Okawaru
Qazlal
Sif Muna
Uskayaw
Yredelemnul
Zin
The Shining One

Shops:
D:3 ?   D:8 *   D:11 :

Annotations:
D:12 Maurice, Nessos, Snorg


Innate Abilities, Weirdness & Mutations

You have an increased reservoir of magic. (+10% MP)
You occasionally shout uncontrollably at your foes.
You expend magic power (3 MP) to strengthen your wands.


Message History

You bludgeon the starspawn tentacle!!
The starspawn tentacle is almost destroyed.
The starspawn tentacle constricts you. The smoke demon gestures at you.
Something smites you! The tentacled starspawn bites you!
The tentacled starspawn tentacle-slaps you but does no damage.
You hit the starspawn tentacle but do no damage.
The starspawn tentacle is almost destroyed.
The tentacled starspawn bites you but does no damage.
You block the tentacled starspawn's attack.
The starspawn tentacle constricts you. x2
The tentacled starspawn completely misses you.
The tentacled starspawn tentacle-slaps you but does no damage.
You skewer the starspawn tentacle like a kebab!!!
You destroy the starspawn tentacle!
Tentacles burst from the starspawn's body!
The tentacled starspawn bites you but does no damage.
The tentacled starspawn tentacle-slaps you but does no damage. 2 starspawn tentacles come into view.
You hit the tentacled starspawn but do no damage.
The tentacled starspawn is heavily damaged.
The smoke demon gestures at you. Something smites you!
The tentacled starspawn bites you!!
* * * LOW HITPOINT WARNING * * *
The tentacled starspawn tentacle-slaps you!
* * * LOW HITPOINT WARNING * * *
The starspawn tentacle grabs you. The starspawn tentacle constricts you.
You are too injured to fight recklessly!
You are too injured to fight recklessly!
You are too injured to fight recklessly!
You are too injured to fight recklessly!
You are too injured to fight recklessly!
You are too injured to fight recklessly!
You are too injured to fight recklessly!
You are too injured to fight recklessly!
You are too injured to fight recklessly!
You are too injured to fight recklessly!
The starspawn tentacle's grasp on you weakens, but your attempt to escape fails.
The tentacled starspawn bites you!!
You die...

#. X.. #..
#..#####
.....
###ยง.#
#w##.####
#wX3......3.
#@# ########
#.# ###


You could see a tentacled starspawn, a smoke demon and 2 starspawn tentacles.

Vanquished Creatures
  A two-headed ogre (D:7)
  2 orc knights (Bailey)
  A cyclops (D:11)
  2 manticores (D:11)
  A large abomination (Abyss:3)
  Joseph (D:7)
  2 gargoyles (D:11)
  A komodo dragon (D:10)
  Psyche (D:9)
  A troll (D:10)
  2 hornets
  Sigmund (D:2)
  15 yaks
  A wyvern (D:8)
  A shadow (D:9)
  A wraith (D:8)
  2 steam dragons
  An acid dragon (D:11)
  11 orc warriors
  A sky beast (D:7)
  An ogre (D:4)
  2 ice beasts (D:6)
  A black bear (D:5)
  A hornet zombie (D:6)
  A centaur (D:5)
  2 phantoms
  Blork the orc (D:4)
  2 kobold brigands
  3 bullfrogs (D:8)
  2 gnoll sergeants
  17 wights
  3 scorpions
  5 howler monkeys
  A centaur zombie (D:6)
  2 hounds
  3 jellies
  A quasit (Abyss:3)
  3 bullfrog zombies (D:6)
  3 orc priests
  5 gnoll boudas
  A sleepcap (D:5)
  Terence (D:2)
  3 iguanas
  8 orc wizards
  2 killer bee zombies (D:6)
  31 gnolls
  8 adders
  2 shadow imps
  2 white imps
  2 ufetubi
  4 worms
  A dart slug (D:2)
  51 orcs
  7 bats
  8 endoplasms
  4 giant cockroaches
  17 goblins
  4 hobgoblins
  4 jackals (D:1)
  4 quokkas
  8 ball pythons
  6 frilled lizards
  12 kobolds
  7 rats
  2 starspawn tentacles (Abyss:3)
307 creatures vanquished.

Vanquished Creatures (others)
  2 demonic plants (Abyss:3)
  6 plants (D:7)
  2 starspawn tentacles (Abyss:3)
10 creatures vanquished.

Grand Total: 317 creatures vanquished

Notes
Turn   | Place    | Note
-------+----------+-------------------------------------------
     0 | D:1      | cforsyth the Human Fighter began the quest for the Orb.
     0 | D:1      | Reached XP level 1. HP: 18/18 MP: 1/1
   140 | D:1      | Reached XP level 2. HP: 24/24 MP: 2/2
   314 | D:1      | Reached XP level 3. HP: 27/29 MP: 3/3
   694 | D:2      | Reached XP level 4. HP: 30/35 MP: 4/4
  1005 | D:2      | Reached XP level 5. HP: 23/42 MP: 5/5
  1322 | D:2      | Noticed Sigmund
  1603 | D:2      | Killed Sigmund
  1604 | D:2      | Reached XP level 6. HP: 31/48 MP: 6/6
  1673 | D:2      | Noticed Terence
  1922 | D:2      | Killed Terence
  2483 | D:3      | Found Zogeam's Magic Scroll Shop.
  2606 | D:3      | Identified the +4 sling of Debt {elec, rN+ Int+6 Dex-3}
  2829 | D:3      | Found a snail-covered altar of Cheibriados.
  2909 | D:4      | Noticed Blork the orc
  2909 | D:4      | Noticed an ogre
  3011 | D:4      | Reached XP level 7. HP: 51/55 MP: 7/7
  3013 | D:4      | Found a hide-covered altar of Uskayaw.
  3020 | D:4      | Identified the +6 dagger of Defaseox {venom, rElec rPois
                  | Will+++ Str-2}
  3088 | D:4      | Killed Blork the orc
  3713 | D:5      | Entered Level 5 of the Dungeon
  3728 | D:5      | Reached skill level 5 in Fighting
  3728 | D:5      | Reached skill level 5 in Shields
  3877 | D:5      | Reached skill level 5 in Armour
  3877 | D:5      | Reached XP level 8. HP: 41/62 MP: 8/8
  3973 | D:5      | Found a hazy altar of Hepliaklqana.
  3979 | D:5      | Found an iron altar of Okawaru.
  3981 | D:5      | Found a blossoming altar of Fedhas.
  3984 | D:5      | Became a worshipper of Warmaster Okawaru
  3987 | D:5      | Found a glowing golden altar of the Shining One.
  3990 | D:5      | Found a shimmering blue altar of Sif Muna.
  4979 | D:5      | Reached skill level 5 in Maces & Flails
  4999 | D:5      | Found the +7 staff of the Meek {protect, meekguard}
  5392 | D:6      | Noticed a hornet
  5398 | D:5      | Killed a hornet
  5398 | D:5      | Reached * piety under Okawaru
  6166 | D:4      | Reached XP level 9. HP: 5/60 MP: 9/9
  7710 | D:6      | Found a basalt altar of Yredelemnul.
  8275 | D:6      | Reached ** piety under Okawaru
  8461 | D:6      | Found a sparkling altar of Nemelex Xobeh.
  8495 | D:6      | Found a staircase to the Ecumenical Temple.
  8649 | D:7      | Noticed Joseph
  8809 | D:7      | Killed Joseph
  8810 | D:7      | Reached XP level 10. HP: 12/79 MP: 10/10
  9047 | D:7      | Found a flagged portal.
  9063 | Bailey   | Entered a bailey
  9513 | Bailey   | Noticed an orc knight
  9905 | Bailey   | Acquired a +0 eveningstar of protection
  9921 | Bailey   | Killed an orc knight
  9921 | Bailey   | Reached *** piety under Okawaru
 10068 | Bailey   | Noticed an orc knight
 10073 | Bailey   | Gained mutation: You have an increased reservoir of magic.
                  | (+10% MP) [potion of mutation]
 10073 | Bailey   | Gained mutation: You occasionally shout uncontrollably at
                  | your foes. [potion of mutation]
 10073 | Bailey   | Gained mutation: You expend magic power (3 MP) to
                  | strengthen your wands. [potion of mutation]
 10081 | Bailey   | Killed an orc knight
 10371 | D:7      | Noticed a two-headed ogre
 10384 | D:7      | Killed a two-headed ogre
 10384 | D:7      | Reached **** piety under Okawaru
 10530 | D:7      | Reached XP level 11. HP: 70/87 MP: 12/12
 10791 | D:7      | Found a white marble altar of Elyvilon.
 11203 | D:8      | You fall into a shaft and drop 1 floor!
 11203 | D:9      | Found a stormy altar of Qazlal.
 11234 | D:9      | Noticed Psyche
 11241 | D:9      | Killed Psyche
 11453 | D:9      | Reached ***** piety under Okawaru
 11543 | D:9      | Paralysed by a hornet for 3 turns
 11548 | D:9      | Paralysed by a hornet for 2 turns
 11722 | D:9      | Identified the ring "Kaugew" {rPois rCorr MP-9 AC+4}
 11879 | D:9      | Found a staircase to the Lair.
 12405 | D:8      | Found Zin's Purification Station.
 12407 | D:8      | Found a glowing silver altar of Zin.
 12506 | D:9      | Found a staircase to the Orcish Mines.
 12507 | D:9      | Found an opulent altar of Gozag.
 12714 | D:9      | Received a gift from Okawaru
 12862 | D:10     | Entered Level 10 of the Dungeon
 14051 | D:11     | Noticed a manticore
 14122 | D:11     | Killed a manticore
 14173 | D:11     | Noticed a cyclops
 14191 | D:11     | Killed a cyclops
 14192 | D:11     | Reached XP level 12. HP: 97/97 MP: 4/13
 14420 | D:11     | Found Tobum's Book Shop.
 14649 | D:11     | Reached skill level 10 in Shields
 14653 | D:11     | Reached skill level 10 in Armour
 14658 | D:11     | Reached skill level 10 in Fighting
 15027 | D:12     | Noticed Snorg
 15039 | D:12     | Noticed Maurice
 15042 | D:12     | Noticed Nessos
 15253 | Abyss:3  | Cast into level 3 of the Abyss (a wizard)
 15282 | Abyss:3  | Noticed a thrashing horror
 15303 | Abyss:3  | Reached skill level 10 in Maces & Flails
 15304 | Abyss:3  | Noticed a starflower
 15318 | Abyss:3  | Found a corrupted altar of Lugonu.
 15318 | Abyss:3  | Found a corrupted altar of Lugonu.
 15319 | Abyss:3  | Found a corrupted altar of Lugonu.
 15319 | Abyss:3  | Found a corrupted altar of Lugonu.
 15360 | Abyss:3  | Found a corrupted altar of Lugonu.
 15360 | Abyss:3  | Found a corrupted altar of Lugonu.
 15399 | Abyss:3  | Noticed a tentacled starspawn
 15437 | Abyss:3  | Mangled by a tentacled starspawn

Illustrated notes

Levels and vault maps discovered:
D:1:      sevenhm_arrival_forest_fort_large_4, layout_rooms
D:2:      layout_basic, uniq_terence, uniq_sigmund
D:3:      layout_rooms, mainiacjoe_overflow_alcove_2, serial_shops,
          nicolae_square_shop, fountainhead
D:4:      layout_rooms, mainiacjoe_overflow_brackets, uniq_blork_the_orc
D:5:      cheibrodos_quashed, layout_gridville, minitemple,
          minmay_stone_trees_small, pf_guarded_unrand_meek
D:6:      layout_rooms, nicolae_yredelemnul_corpse_copse,
          nemelex_spade_bored_becter, temple_green, st_stairs_14
D:7:      layout_cave_pools, nicolae_elyvilon_temple_path, enter_bailey_3,
          uniq_joseph
D:8:      layout_rooms, zin_purify
D:9:      nicolae_cairo_tiling_very_big, layout_loops_cross,
          grunt_gozag_breadcrumbs, nicolae_overflow_crystal_walls,
          lair_entry_dummy, uniq_psyche
D:10:     layout_loops_ring
D:11:     layout_loops_cross, serial_shops, shop
D:12:     layout_basic, portal_ice_cave_rime, serial_shops,
          kennysheep_mini_moat, corexii_corridor_pit, minivault_16,
          uniq_maurice, uniq_nessos, uniq_snorg
Abyss:3:  base: D:12, spicy_abyss_helpful_harpoons

Skill      XL: |  1  2  3  4  5  6  7  8  9 10 11 12 |
---------------+-------------------------------------+-----
Maces & Flails | 3 4 5 7 8 9 10 | 10.0
Fighting       | 4 5 6 7 8 9 10 | 10.0
Armour         | 4 5 6 7 8 9 10 | 10.0
Shields        | 4 5 6 7 8 9 10 | 10.0

Action                     |  1- 3 |  4- 6 |  7- 9 | 10-12 || total
---------------------------+-------+-------+-------+-------++-------
  Melee: Flail             |    95 |   157 |       |       ||   252
         Dagger            |       |       |   437 |    97 ||   534
         Eveningstar       |       |       |       |   444 ||   444
  Evoke: Wand              |       |       |       |     6 ||     6
    Use: Potion            |       |       |     3 |    17 ||    20
         Scroll            |       |       |     1 |    16 ||    17
   Stab: Invisible         |       |       |       |     2 ||     2
 Armour: Scale mail        |    53 |    56 |    73 |       ||   182
         Chain mail        |       |       |   108 |    58 ||   166
         Plate armour      |       |       |       |   356 ||   356
  Dodge: Dodged            |    48 |    68 |   171 |   203 ||   490
  Block: Buckler           |    28 |    38 |   115 |   163 ||   344
         Kite shield       |       |       |       |    61 ||    61

Table legend: (Time is in decaauts)
 A = Elapsed time spent in this place.
 B = Non-inter-level travel time spent in this place.
 C = Inter-level travel time spent in this place.
 D = Time resting spent in this place.
 E = Time spent auto-exploring this place.
 F = Levels seen in this place.
 G = Mean time per level.
                   A        B        C        D        E       F      G
               +--------+--------+--------+--------+--------+-----+--------+
         Total |  15627 |  14729 |    898 |   3112 |   8500 |  14 | 1116.2 |
       Dungeon |  14356 |  13458 |    898 |   2893 |   7908 |  12 | 1196.3 |
         Abyss |    191 |    191 |      0 |      8 |     70 |   1 |  191.0 |
        Bailey |   1079 |   1079 |      0 |    211 |    522 |   1 | 1079.0 |
               +--------+--------+--------+--------+--------+-----+--------+

Top non-repeatable levels by time:
     D:5: 2367 daAuts
     D:4: 2034 daAuts
     D:6: 1521 daAuts
     D:2: 1400 daAuts
     D:9: 1310 daAuts
  Bailey: 1079 daAuts
    D:10: 1076 daAuts
    D:11: 935 daAuts
     D:1: 924 daAuts
     D:7: 872 daAuts
     D:8: 870 daAuts
     D:3: 814 daAuts
    D:12: 228 daAuts
 Abyss:3: 191 daAuts
